 Dungeon Crawl Stone Soup version 0.25.1-2-g60ff931df9 (webtiles) character file.

Game seed: 11450636396953633058

55 barcode the Digger (level 3, 0/39 HPs)
             Began as a Hill Orc Earth Elementalist on Sept 19, 2020.
             Succumbed to a kobold's poison
             ... on level 1 of the Dungeon.
             The game lasted 00:03:22 (1646 turns).

barcode the Digger (Hill Orc Earth Elementalist)    Turns: 1646, Time: 00:03:23

Health: 0/39       AC: 21    Str: 10    XL:     3   Next: 93%
Magic:  1/6        EV:  2    Int: 16    God:
Gold:   70         SH:  0    Dex: 11    Spells: 5/6 levels left

rFire    + . .     SeeInvis .   m - +1 short sword (venom)
rCold    + . .     Gourm    .   (no shield)
rNeg     + + +     Faith    .   (armour currently unavailable)
rPois    +         Spirit   .   (helmet currently unavailable)
rElec    +         Reflect  .   (cloak currently unavailable)
rCorr    +         Harm     .   (gloves currently unavailable)
MR       .....     NoTele   +   (boots currently unavailable)
Stlth    ++........             (no amulet)
HPRegen  0.13/turn              (no ring)
MPRegen  0.10/turn              (no ring)

@: lethally poisoned (0 -> -5), tree-form, resistant, very slightly contaminated
A: mutation resistance 1, wild magic 1
a: no special abilities


You were on level 1 of the Dungeon.
You were not hungry.
You were a tree.
You visited 1 branch of the dungeon, and saw 2 of its levels.

You collected 70 gold pieces.

Inventory:

Hand Weapons
 h - a +1 dagger of venom
 m - a +1 short sword of venom (weapon)
Missiles
 b - 22 stones
 i - a throwing net (quivered)
 l - 18 arrows
Armour
 c - a +0 robe (melded)
Scrolls
 f - a scroll of teleportation {unknown}
 j - a scroll of amnesia {unknown}
 n - a scroll of identify {unknown}
Comestibles
 d - 3 rations


   Skills:
 - Level 1.5 Dodging
 - Level 1.5 Stealth
 + Level 2.4 Spellcasting
   Level 0.6 Transmutations
 + Level 3.9 Earth Magic


You had 5 spell levels left.
You knew the following spells:

 Your Spells              Type           Power        Failure   Level  Hunger
a - Sandblast             Erth           ###...       6%          1    #......

Your spell library contained the following spells:

 Spells                   Type           Power        Failure   Level  Hunger
 Passwall                 Tmut/Erth      ##......     17%         2    ###....
 Stone Arrow              Conj/Erth      ##....       34%         3    ###....
 Petrify                  Tmut/Erth      ##......     69%         4    #####..
 Lee's Rapid Deconstruct  Erth           ###.......   78%         5    ######.


Dungeon Overview and Level Annotations

Branches:
Dungeon (2/15)

Altars:

Annotations:
D:2 Sigmund


Innate Abilities, Weirdness & Mutations

You are somewhat resistant to further mutation.
Your spells are a little harder to cast, but a little more powerful.


Message History

There is a lethal amount of poison in your body!
There is a lethal amount of poison in your body!
There is a lethal amount of poison in your body!
There is a lethal amount of poison in your body!
There is a lethal amount of poison in your body!
There is a lethal amount of poison in your body!
There is a lethal amount of poison in your body!
There is a lethal amount of poison in your body!
There is a lethal amount of poison in your body!
There is a lethal amount of poison in your body!
There is a lethal amount of poison in your body!
There is a lethal amount of poison in your body!
There is a lethal amount of poison in your body!
* * * LOW HITPOINT WARNING * * *
You feel sick.
* * * LOW HITPOINT WARNING * * *
You feel sick.
* * * LOW HITPOINT WARNING * * *
You feel sick.
You die...

#)### #.# #.....
#.# #.# ####.#
#.###########.##
#.#
#..........#...##
#.#
##########......#
########.#
#.#...##
#........#
#.##.##
#.########
#)##.#####.#
#.♣).......#
####.####### #.#
#.# #.# ### #.#
##.## #.# ##.#.##
#.# #####
##.###.###
##.#########...#


There were no monsters in sight!

Vanquished Creatures
  2 adders (D:1)
  A dart slug (D:1)
  2 leopard geckos (D:1)
  A ball python (D:2)
  6 bats
  2 giant cockroaches (D:1)
  2 goblins
  3 hobgoblins (D:1)
  A quokka (D:2)
  11 kobolds
  A rat (D:1)
32 creatures vanquished.

Notes
Turn   | Place    | Note
-------+----------+-------------------------------------------
     0 | D:1      | barcode the Hill Orc Earth Elementalist began the quest for
                  | the Orb.
     0 | D:1      | Reached XP level 1. HP: 14/14 MP: 3/3
   310 | D:1      | Reached XP level 2. HP: 20/20 MP: 2/4
  1315 | D:2      | Noticed Sigmund
  1316 | D:2      | Reached XP level 3. HP: 26/26 MP: 4/6
  1632 | D:1      | Gained mutation: You are frail. (-10% HP) [potion of
                  | mutation]
  1632 | D:1      | Gained mutation: Your spells are a little harder to cast,
                  | but a little more powerful. [potion of mutation]
  1632 | D:1      | Lost mutation: You are frail. (-10% HP) [potion of
                  | mutation]
  1632 | D:1      | Gained mutation: You are somewhat resistant to further
                  | mutation. [potion of mutation]
  1644 | D:1      | HP: 1/39 [poisoned by a kobold]
  1646 | D:1      | Succumbed to a kobold's poison

Illustrated notes

Levels and vault maps discovered:
D:1:      dpeg_arrival_three_smaller_balls, layout_loops_corners, minivault_26
D:2:      layout_rooms, nicolae_gozag_zags_fifth_avenue, uniq_sigmund,
          uniq_crazy_yiuf_cottage

Skill      XL: |  1  2 |
---------------+-------+-----
Spellcasting   | 2 |  2.4
Dodging        | |  1.5
Stealth        | |  1.5
Transmutations | |  0.6
Earth Magic    | |  3.9

Action                   || total
-------------------------++-------
Melee: Unarmed           ||     7
       Dagger            ||     3
       Short sword       ||     3
Throw: Throwing net      ||     1
 Cast: Sandblast         ||    41
  Use: Potion            ||     4
  Eat: Chunk             ||     3
Armor: Robe              ||    10
       Skin              ||    17
Dodge: Dodged            ||    29
